 Dungeon Crawl Stone Soup version 0.29-a0-283-ga02f740833 (webtiles) character file.

Game seed: 5495470510021171043

84 Dabor the Skirmisher (level 4, -7/37 HPs)
             Began as a Formicid Abyssal Knight on Mar 13, 2022.
             Was a Priest of Lugonu.
             Mangled by a gnoll
             ... wielding a +0 halberd
              (9 damage)
             ... on level 3 of the Dungeon.
             The game lasted 00:03:51 (2272 turns).

Dabor the Skirmisher (Formicid Abyssal Knight)      Turns: 2272, Time: 00:03:51

Health: -7/37      AC:  5    Str: 19    XL:     4   Next: 74%
Magic:  6/6        EV: 11    Int: 10    God:    Lugonu [***...]
Gold:   81         SH:  0    Dex:  9    Spells: 3/3 levels left

rFire   . . .      SeeInvis +   a - +1 spear
rCold   . . .      Faith    .   (no shield)
rNeg    . . .      Spirit   .   g - +0 ring mail
rPois   .          Reflect  .   (helmet unavailable)
rElec   .          Harm     .   (no cloak)
rCorr   .          Rampage  .   (no gloves)
Will    ++...                   (no boots)
Stlth   ..........              (no amulet)
HPRegen 0.12/turn               (no ring)
MPRegen 0.10/turn               (no ring)

@: invisible
A: permanent stasis, dig shafts and tunnels, antennae 3, four strong arms,
clumsy 1, strong-willed 2
a: Dig, Shaft Self, Renounce Religion, Depart the Abyss, Bend Space, Banish


You were on level 3 of the Dungeon.
You worshipped Lugonu.
Lugonu was most pleased with you.
You visited 1 branch of the dungeon, and saw 3 of its levels.
You visited the Abyss 1 time.

You collected 81 gold pieces.

Inventory:

Hand Weapons
 a - a +1 spear (weapon)
Armour
 b - a +0 leather armour
 g - a +0 ring mail (worn)
Scrolls
 c - a scroll of holy word {unknown}
 d - a scroll of amnesia {unknown}
 e - 2 scrolls of identify {unknown}
 h - a scroll of enchant weapon {unknown}
 i - a scroll of blinking {unknown}
 j - a scroll of acquirement {unknown}
 m - a scroll of teleportation {unknown}
Potions
 l - a potion of flight {unknown}


   Skills:
 + Level 3.8 Fighting
 + Level 2.6 Polearms
 + Level 3.0 Armour
 + Level 1.7 Dodging
 + Level 3.0 Invocations


You had 3 spell levels left.
You didn't know any spells.
Your spell library contained the following spells:

 Spells                   Type           Power      Damage    Failure   Level
 Blade Hands              Tmut           0%         N/A       100%        5
 Irradiate                Conj/Tmut      0%         3d14      100%        5
 Dragon Form              Tmut           0%         N/A       100%        7


Dungeon Overview and Level Annotations

Branches:
Dungeon (3/15)

Altars:
Nemelex Xobeh

Shops:
D:1 *


Innate Abilities, Weirdness & Mutations

You cannot be hasted, slowed, berserked, paralysed or teleported.
You can dig through walls and to a lower floor.
You have a pair of large antennae on your head. (SInv)
Your four strong arms can wield two-handed weapons with a shield.
You are clumsy. (Dex -2)
You are highly strong-willed. (Will++)


Message History

You are too injured to fight recklessly!
You are too injured to fight recklessly!
You are too injured to fight recklessly!
You are too injured to fight recklessly!
Reach: a) +1 spear
Press: ? - help, Dir - move target, f/p - gnoll
Aim: a gnoll, wielding a +0 halberd (about 35% to evade your +1 spear)
Okay, then.
Reach: a) +1 spear
Press: ? - help, Dir - move target, f/p - gnoll
Aim: a gnoll, wielding a +0 halberd (about 35% to evade your +1 spear)
You reach to attack!
You barely miss the gnoll.
Reach: a) +1 spear
Press: ? - help, Dir - move target, f/p - gnoll
Aim: a gnoll, wielding a +0 halberd (about 35% to evade your +1 spear)
You reach to attack!
You hit the gnoll.
The gnoll is moderately wounded.
The gnoll closely misses you.
Reach: a) +1 spear
Press: ? - help, Dir - move target, f/p - gnoll
Aim: a gnoll, wielding a +0 halberd (moderately wounded, about 35% to evade your +1 spear)
Okay, then.
Reach: a) +1 spear
Press: ? - help, Dir - move target, f/p - gnoll
Aim: a gnoll, wielding a +0 halberd (moderately wounded, about 35% to evade your +1 spear)
You reach to attack!
You barely miss the gnoll.
The gnoll is moderately wounded.
The gnoll hits you from afar with a +0 halberd!
* * * LOW HITPOINT WARNING * * *
Reach: a) +1 spear
Press: ? - help, Dir - move target, f/p - gnoll
Aim: a gnoll, wielding a +0 halberd (moderately wounded, about 35% to evade your +1 spear)
Okay, then.
It was a potion of mutation.
You feel extremely strange.
You feel clumsy.
You feel strong-willed.
You feel more strong-willed. The gnoll misses you.
It was a potion of invisibility.
You fade into invisibility!
The gnoll hits you from afar with a +0 halberd!
You die...

### # .. #S# .#...
####g.# #...†g#
#.##.##..# #.##g#
.#... #.##†# .. #...
#.##@##### .#
#.##....# #
#.#####.###.###
######.####.........
#............#######
#.#.##.#######
#....# #..### #..#


You could see a gnoll (can't see you).

Vanquished Creatures
  Robin (D:2)
  A worm (D:2)
  A dart slug (D:1)
  4 ball pythons
  6 endoplasms
  A giant cockroach (D:3)
  12 goblins
  12 hobgoblins
  4 jackals (D:2)
  2 kobolds (D:1)
  2 quokkas
  4 bats
  4 frilled lizards
  4 rats
58 creatures vanquished.

Vanquished Creatures (others)
  4 plants (D:2)
4 creatures vanquished.

Grand Total: 62 creatures vanquished

Notes
Turn   | Place    | Note
-------+----------+-------------------------------------------
     0 | Abyss:1  | Dabor the Formicid Abyssal Knight began the quest for the
                  | Orb.
     0 | Abyss:1  | Reached XP level 1. HP: 18/18 MP: 2/2
    88 | Abyss:1  | Noticed an ice devil
    89 | D:1      | Escaped the Abyss
   190 | D:1      | Reached ** piety under Lugonu
   191 | D:1      | Reached skill level 1 in Dodging
   271 | D:1      | Reached XP level 2. HP: 24/24 MP: 3/3
   746 | D:1      | Found Weeh's Assorted Antiques.
   991 | D:1      | Reached XP level 3. HP: 29/29 MP: 4/4
  1243 | D:2      | Found a sparkling altar of Nemelex Xobeh.
  1279 | D:2      | Noticed Robin
  1316 | D:2      | Killed Robin
  1317 | D:2      | Reached XP level 4. HP: 23/37 MP: 6/6
  1602 | D:2      | Reached *** piety under Lugonu
  1971 | D:2      | Found a faded altar of an unknown god.
  2271 | D:3      | Gained mutation: You are clumsy. (Dex -2) [potion of
                  | mutation]
  2271 | D:3      | Gained mutation: You are strong-willed. (Will+) [potion of
                  | mutation]
  2271 | D:3      | Gained mutation: You are highly strong-willed. (Will++)
                  | [potion of mutation]
  2272 | D:3      | Mangled by a gnoll

Illustrated notes

Levels and vault maps discovered:
D:1:      tarquinn_simple_flora_water_e, layout_basic, serial_shops, shop
D:2:      layout_loops_cross, shapermc_ecumenical_altar_acropolis, basic_altar,
          serial_bayou_crossing, uniq_robin
D:3:      layout_loops_ring, minmay_fractal_squares_diagonal_5

Skill      XL: |  1  2  3  4 |
---------------+-------------+-----
Dodging        | 1 |  1.7
Invocations    | 3 |  3.0
Armour         | 3 |  3.0
Fighting       | |  3.8
Polearms       | |  2.6

Action                   |  1- 3 |  4- 6 || total
-------------------------+-------+-------++-------
Melee: Spear             |    87 |    85 ||   172
       Punch             |       |     3 ||     3
Invok: Depart the Abyss  |     1 |       ||     1
  Use: Potion            |       |     2 ||     2
 Stab: Sleeping          |     1 |       ||     1
Armor: Leather armour    |    12 |       ||    12
       Ring mail         |     8 |    18 ||    26
Dodge: Dodged            |    39 |    36 ||    75

Table legend: (Time is in decaauts)
 A = Elapsed time spent in this place.
 B = Non-inter-level travel time spent in this place.
 C = Inter-level travel time spent in this place.
 D = Time resting spent in this place.
 E = Time spent auto-exploring this place.
 F = Levels seen in this place.
 G = Mean time per level.
                   A        B        C        D        E       F      G
               +--------+--------+--------+--------+--------+-----+--------+
         Total |   2273 |   2149 |    124 |    289 |   1496 |   4 |  568.2 |
       Dungeon |   2184 |   2060 |    124 |    289 |   1410 |   3 |  728.0 |
         Abyss |     89 |     89 |      0 |      0 |     86 |   1 |   89.0 |
               +--------+--------+--------+--------+--------+-----+--------+

Top non-repeatable levels by time:
     D:1: 1095 daAuts
     D:2: 992 daAuts
     D:3: 96 daAuts
 Abyss:1: 89 daAuts
